 Dungeon Crawl Stone Soup version 0.20-a0-681-gf83e07f (webtiles) character file.

27 Alarkh the Slasher (level 2, 0/22 HPs)
             Began as a Mummy Skald on Feb 18, 2017.
             Slain by a goblin (5 damage)
             ... led by Robin
             ... on level 2 of the Dungeon.
             The game lasted 00:01:18 (753 turns).

Alarkh the Slasher (Mummy Skald)                     Turns: 753, Time: 00:01:18

Health: 0/22       AC:  4    Str: 19    XL:     2   Next: 93%
Magic:  4/5        EV: 12    Int: 12    God:
Gold:   6          SH:  0    Dex: 11    Spells: 5/6 levels left

rFire    x . .     SeeInvis .   a - +0 falchion
rCold    + . .     Gourm    .   h - +1 robe {MR+}
rNeg     + + +     Faith    .   (no shield)
rPois    ∞         Spirit   .   d - +0 helmet
rElec    .         Reflect  .   (no cloak)
rCorr    .         Harm     .   (no gloves)
MR       +....                  (no boots)
Stlth    +.........             (no amulet)
Regen    0.1/turn               (no ring)
MPRegen  0.1/turn               g - +5 ring of strength

@: about to teleport, infused
A: no food or potions, fire vulnerability, cold resistance 1, negative energy
resistance 3, torment resistance, unbreathing
a: no special abilities


You were on level 2 of the Dungeon.
You were not hungry.

You visited 1 branch of the dungeon, and saw 2 of its levels.

You collected 6 gold pieces.

Inventory:

Hand Weapons
 a - a +0 falchion (weapon)
Armour
 b - a +0 leather armour
 d - a +0 helmet (worn)
 h - a +1 robe of magic resistance (worn)
Jewellery
 g - a +5 ring of strength (left hand)
Scrolls
 e - a scroll of identify
 f - a scroll of magic mapping
 j - 2 scrolls of remove curse
Books
 c - a book of Battle

   Spells                             Type                      Level
   a - Infusion                       Charms                       1
   b - Shroud of Golubria             Charms/Translocation         2
   c - Song of Slaying                Charms                       2
   d - Spectral Weapon                Hexes/Charms                 3
   e - Regeneration                   Charms/Necromancy            3


   Skills:
 - Level 2.0 Fighting
 + Level 2.8 Long Blades
 - Level 0.7 Armour
 - Level 1.5 Dodging
 - Level 2.6 Spellcasting
 - Level 2.4 Charms


You had 5 spell levels left.
You knew the following spells:

 Your Spells              Type           Power        Failure   Level  Hunger
a - Infusion              Chrm           #...         12%         1    N/A

Dungeon Overview and Level Annotations

Branches:
Dungeon (2/15)

Altars:
Ashenzari
Zin

Shops:
D:2 *

Annotations:
D:2 Robin


Innate Abilities, Weirdness & Mutations

You do not eat or drink.
Your flesh is vulnerable to fire.
You are immune to poison.
Your flesh is cold resistant. (rC+)
You are immune to negative energy. (rN+++)
You are immune to unholy pain and torment.
You can survive without breathing.


Message History

Unknown command.
As you read the scroll labeled WODURCHY ROSYIPN, it crumbles to dust.
You feel blessed for a moment.
It was a scroll of remove curse.
Robin misses you.
You riposte.
You closely miss Robin. The goblin hits you. The goblin hits you with a dagger.
The goblin hits you but does no damage.
As you read the scroll labeled OTHRUC BIOPIWEST, it crumbles to dust.
You feel strangely unstable.
It was a scroll of teleportation.
The goblin barely misses you. The goblin closely misses you.
The goblin barely misses you.
A goblin comes into view. It is wielding a dagger.
Casting: Infusion
Confirm with . or Enter, or press ? or * to list all spells.
You don't know that spell.
You completely miss Robin. The goblin hits you.
The goblin hits you but does no damage. The goblin closely misses you.
The goblin hits you but does no damage.
Robin hits you with an enchanted dagger.
* * * LOW HITPOINT WARNING * * *
The goblin hits you.
You die...

#####+####
#........#
+........+
##).....g.####.#.
.......g(...g.ggg
#####)g######.#g
##g## ###@.#
#.ggg## #.....#
#### #...#.##...
## #...#....###
.###
#...##..##⌠##....
#...##...#_#..#
#.............#
#.............#


You could see Robin and 6 goblins.

Vanquished Creatures
  A leopard gecko (D:1)
  A giant cockroach (D:1)
  6 goblins
  2 hobgoblins
  2 kobolds (D:1)
  A ball python (D:1)
  6 bats
  2 frilled lizards (D:1)
  2 rats (D:1)
23 creatures vanquished.

Notes
Turn   | Place    | Note
-------+----------+-------------------------------------------
     0 | D:1      | Alarkh the Mummy Skald began the quest for the Orb.
     0 | D:1      | Reached XP level 1. HP: 16/16 MP: 4/4
   253 | D:1      | Reached XP level 2. HP: 21/22 MP: 1/5
   262 | D:1      | Found a shattered altar of Ashenzari.
   585 | D:2      | Found Zin's Purification Station.
   590 | D:2      | Found a glowing silver altar of Zin.
   743 | D:2      | Noticed Robin
   753 | D:2      | Slain by a goblin

Vault maps used:
D:1:      nicolae_arrival_washed_ashore, ashenzari_altar_1
D:2:      zin_purify, uniq_sigmund, uniq_robin

Skill      XL: |  1 |
---------------+----+-----
Long Blades    | 2 |  2.8
Fighting       | |  2.0
Armour         | |  0.7
Dodging        | |  1.5
Spellcasting   | |  2.6
Charms         | |  2.4

Action                   || total
-------------------------++-------
Melee: Falchion          ||    62
 Cast: Infusion          ||    19
  Use: Scroll            ||     3
Armor: Leather armour    ||    17
       Robe              ||     4
Dodge: Dodged            ||    56
       Rpst.: Falchion   ||    14
